 Dungeon Crawl Stone Soup version 0.30-a0-743-gbfdf073431 (webtiles) character file.

Game seed: 2134093197897847281

126 avis the Shooter (level 4, -8/38 HPs)
             Began as a Demigod Hunter on Feb 7, 2023.
             Mangled by an ogre
             ... wielding a +0 giant club
              (20 damage)
             ... on level 3 of the Dungeon.
             The game lasted 00:08:08 (1347 turns).

avis the Shooter (Demigod Hunter)                   Turns: 1347, Time: 00:08:08

Health: -8/38      AC:  3    Str: 12    XL:     4   Next: 54%
Magic:  15/15      EV: 12    Int: 17    God:
Gold:   74         SH:  0    Dex: 21    Spells: 3/3 levels left

rFire   . . .      SeeInvis .    a - +0 shortbow
rCold   . . .      Faith    .    (shield currently unavailable)
rNeg    . . .      Spirit   .    c - +0 leather armour
rPois   .          Reflect  .    (no helmet)
rElec   .          Harm     .    (no cloak)
rCorr   .          Rampage  .    (no gloves)
Will    .....                    (no boots)
Stlth   ++                       (no amulet)
HPRegen 0.26/turn                f - +6 ring of intelligence
MPRegen 0.14/turn                g - ring of magical power

@: no status effects
A: high MP 1, forlorn, divine attributes
a: no special abilities


You were on level 3 of the Dungeon.
You visited 1 branch of the dungeon, and saw 3 of its levels.

You collected 74 gold pieces.

Inventory:

Hand Weapons
 a - a +0 shortbow (weapon)
Missiles
 k - 4 poisoned darts
Armour
 c - a +0 leather armour (worn)
Jewellery
 f - a +6 ring of intelligence (left hand)
 g - a ring of magical power (right hand)
 h - a +6 ring of intelligence
Scrolls
 b - a scroll of immolation
 j - a scroll of vulnerability {unknown}
 l - a scroll of torment {unknown}
 m - a scroll of fear {unknown}
 n - a scroll of enchant weapon {unknown}
Potions
 d - a potion of heal wounds {unknown}
 e - a potion of attraction {unknown}
 i - a potion of curing {unknown}


   Skills:
 - Level 3.0 Fighting
 * Level 5.1 Ranged Weapons
 - Level 1.7 Dodging
 - Level 0.8 Stealth


You had 3 spell levels left.
You didn't know any spells.
Your spell library contained the following spells:

 Spells                   Type           Power      Damage    Failure   Level
 Animate Dead             Necr           0%         N/A       96%         4
 Borgnjor's Vile Clutch   Necr/Erth      0%         N/A       100%        5
 Death Channel            Necr           0%         N/A       100%        6


Dungeon Overview and Level Annotations

Branches:
Dungeon (2/15)

Shops:
D:3 (


Innate Abilities, Weirdness & Mutations

You have an increased reservoir of magic. (+10% MP)
You shall have no god before yourself.
Your divine heritage dramatically boosts your attributes as you level up.


Message History

Press: ? - help, Q - select action, (/) - cycle Shift-Dir - straight line, f/p - orc
Aim: an orc, wielding a +0 hand axe and wearing a +0 leather armour (65% to hit)
You shoot an arrow. The arrow hits the orc!
You kill the orc!
Fire: a) +0 shortbow
Press: ? - help, Q - select action, (/) - cycle Shift-Dir - straight line, f - ogre
Aim: an ogre, wielding a +0 giant club (78% to hit)
You shoot an arrow. The arrow hits the ogre!
The ogre is moderately wounded.
Fire: a) +0 shortbow
Press: ? - help, Q - select action, (/) - cycle Shift-Dir - straight line, f/p - ogre
Aim: an ogre, wielding a +0 giant club (moderately wounded, 78% to hit)
You shoot an arrow. The arrow hits the ogre!
The ogre is heavily wounded.
A bat comes into view.
Fire: a) +0 shortbow
Press: ? - help, Q - select action, (/) - cycle Shift-Dir - straight line, f/p - ogre
Aim: an ogre, wielding a +0 giant club (heavily wounded, 78% to hit)
You shoot an arrow. The arrow barely misses the ogre.
The bat hits you but does no damage. The bat hits you.
The ogre closely misses you. The bat closely misses you.
Fire: a) +0 shortbow
Press: ? - help, Q - select action, (/) - cycle Shift-Dir - straight line, f/p - ogre
Aim: an ogre, wielding a +0 giant club (heavily wounded, 78% to hit)
You shoot an arrow. The arrow hits the ogre.
The ogre is severely wounded.
The bat hits you.
The ogre hits you with a +0 giant club!!
Ouch! That really hurt!
* * * LOW HITPOINT WARNING * * *
Fire: a) +0 shortbow
Press: ? - help, Q - select action, (/) - cycle Shift-Dir - straight line, f/p - ogre
Aim: an ogre, wielding a +0 giant club (heavily wounded, 78% to hit)
You shoot an arrow.
The arrow hits the ogre but does no damage.
The ogre is heavily wounded.
The bat closely misses you. The bat completely misses you.
The ogre hits you with a +0 giant club!!
Ouch! That really hurt!
You die...

#. #.....#...#.#. #.
###......#.#....#
#.##.........#...###
#####..............###
...................#
...#..............# ##
........[..........#...
.........#.....#.....#
.....#..###...@#..#.##
..##.#### ##.bO.....# .
. #.#.<....... #
#.#.........
#.#..)....##
..........# ..#.......#
.#........# .
#........#


You could see an ogre and a bat.

Vanquished Creatures
  Jessica (D:3)
  3 adders (D:2)
  A worm (D:2)
  3 dart slugs (D:1)
  An orc (D:3)
  9 endoplasms
  4 giant cockroaches
  5 goblins
  4 hobgoblins (D:1)
  4 jackals (D:1)
  5 kobolds
  6 quokkas
  3 ball pythons
  3 bats (D:1)
  2 frilled lizards
  2 rats (D:1)
56 creatures vanquished.

Notes
Turn   | Place    | Note
-------+----------+-------------------------------------------
     0 | D:1      | avis the Demigod Hunter began the quest for the Orb.
     0 | D:1      | Reached XP level 1. HP: 17/17 MP: 3/3
    83 | D:1      | Reached skill level 4 in Ranged Weapons
    88 | D:1      | Reached XP level 2. HP: 24/24 MP: 4/4
   432 | D:1      | Reached XP level 3. HP: 30/30 MP: 5/5
  1139 | D:2      | Reached XP level 4. HP: 38/38 MP: 6/6
  1299 | D:2      | You fall into a shaft and drop 1 floor!
  1299 | D:3      | Found Fiujomul's Weapon Shoppe.
  1330 | D:3      | Noticed Jessica
  1332 | D:3      | Killed Jessica
  1333 | D:3      | Reached skill level 5 in Ranged Weapons
  1338 | D:3      | Noticed an ogre
  1347 | D:3      | Mangled by an ogre

Illustrated notes

Levels and vault maps discovered:
D:1:      dpeg_arrival_rooms_with_view, layout_basic, minmay_misc_feat_columns,
          kennysheep_decorative_pillar, minmay_pentomino_p4
D:2:      layout_loops_ring
D:3:      layout_rooms, serial_shops, nicolae_diamond_shop, uniq_jessica

Skill      XL: |  1  2  3  4 |
---------------+-------------+-----
Fighting       | 2 3 |  3.0
Ranged Weapons | 4 5 |  5.1
Dodging        | |  1.7
Stealth        | |  0.8

Action                     |  1- 3 |  4- 6 || total
---------------------------+-------+-------++-------
   Fire: Shortbow          |   117 |    30 ||   147
 Armour: Leather armour    |    10 |     2 ||    12
  Dodge: Dodged            |    28 |     6 ||    34

Table legend: (Time is in decaauts)
 A = Elapsed time spent in this place.
 B = Non-inter-level travel time spent in this place.
 C = Inter-level travel time spent in this place.
 D = Time resting spent in this place.
 E = Time spent auto-exploring this place.
 F = Levels seen in this place.
 G = Mean time per level.
                   A        B        C        D        E       F      G
               +--------+--------+--------+--------+--------+-----+--------+
         Total |   1394 |   1295 |     99 |    212 |    639 |   3 |  464.7 |
       Dungeon |   1394 |   1295 |     99 |    212 |    639 |   3 |  464.7 |
               +--------+--------+--------+--------+--------+-----+--------+

Top non-repeatable levels by time:
     D:1: 998 daAuts
     D:2: 343 daAuts
     D:3: 53 daAuts
